 Dungeon Crawl Stone Soup version 0.17.1-2-g5865329 (webtiles) character file.

205 JustSomeDude the Skirmisher (level 5, 0/28 HPs)
             Began as a Vine Stalker Fighter on Jan 19, 2016.
             Succumbed to poison (a potion of poison)
             ... on level 3 of the Dungeon.
             The game lasted 00:04:56 (1870 turns).

JustSomeDude the Skirmisher (Vine Stalker Fighter)  Turns: 1870, Time: 00:04:57

Health: 0/28       AC:  7    Str: 19    XL:     5   Next: 83%
Magic:  6/6        EV:  8    Int:  8    God:
Gold:   84         SH: 10    Dex: 14    Spells: 0 memorised, 4 levels left

rFire  . . .     SeeInvis .     a - +0 trident
rCold  . . .     Clarity  .     b - +0 scale mail
rNeg   . . .     SustAt   .     c - +1 shield
rPois  .         Gourm    .     (no helmet)
rElec  .         Spirit   +     (no cloak)
rCorr  .         Warding  .     (no gloves)
rMut   .         Stasis   .     g - +0 pair of boots
MR     .....                    (no amulet)
Stlth  ..........               (no ring)
                                (no ring)

@: lethally poisoned (0 -> -6), not resistant to hostile enchantments, extremely
unstealthy
A: fangs 2, regeneration 1, magic shield, antimagic bite, no device heal 3, rot
immunity
a: no special abilities


You were on level 3 of the Dungeon.
You were hungry.

You visited 1 branch of the dungeon, and saw 3 of its levels.

You collected 84 gold pieces.

Inventory:

Hand Weapons
 a - a +0 trident (weapon)
Missiles
 p - 7 javelins of penetration (quivered)
Armour
 b - a +0 scale mail (worn)
 c - a +1 shield (worn)
 g - a +0 pair of boots (worn)
Scrolls
 h - a scroll of identify
 l - a scroll of enchant armour
 m - a scroll of amnesia
 r - 3 scrolls of remove curse
Potions
 f - a potion of lignification {unknown}
 i - a potion of heal wounds {unknown}
 j - 2 potions of ambrosia {unknown}
 n - 3 potions of curing {unknown}
 q - a potion of cancellation
Comestibles
 d - a chunk of flesh
 e - 3 bread rations
 o - a beef jerky
 t - a meat ration


   Skills:
 + Level 3.6 Fighting
 + Level 2.9 Polearms
 + Level 2.9 Armour
 + Level 1.7 Dodging
 + Level 1.0 Stealth
 + Level 3.3 Shields


You had 4 spell levels left.
You didn't know any spells.

Dungeon Overview and Level Annotations

Branches:
Dungeon (3/15)

Altars:
Trog

Annotations:
D:3 Grinder


Innate Abilities, Weirdness & Mutations

You have extremely sharp teeth.
Your natural rate of healing is unusually fast.
When hurt, damage is shared between your health and your magic reserves.
Your bite disrupts and absorbs the magic of your enemies.
Potions and wands cannot restore your health.
You are immune to rotting.


Message History

* * * LOW HITPOINT WARNING * * *
You are too injured to fight recklessly!
You are too injured to fight recklessly!
You are too injured to fight recklessly!
You are too injured to fight recklessly!
You are too injured to fight recklessly!
Drink which item? (? for menu, Esc to quit)
It was a potion of magic.
Magic courses through your body. You block Grinder's attack.
Drink which item? (? for menu, Esc to quit)
It was a potion of poison.
That liquid tasted very nasty...
You are lethally poisoned!
* * * LOW HITPOINT WARNING * * *
You feel sick. Grinder gestures at you.
You struggle to resist.
Drink which item? (? for menu, Esc to quit)
It was a potion of cancellation.
You feel magically purged.
You die...

#.##..#... #............
#..#..#.......##.......##...
##..#........##.............
.......>.....##.........#
.............#..........##
.<............[..........#
#####.........<........#.#.###
#..#..#.......##....)).# ....##
................@....?.# ....##
............#####5...#######...#
...............####.(..........##
........#.#......(..............#
................÷..#............#
.[..##)#...........#######......#
....#))#...........# #####..#
....#.##...).......# ##†.
...##.#............##### ####..


You could see Grinder.

Vanquished Creatures
  Ijyb (D:3)
  Robin (D:3)
  4 gnolls (D:3)
  5 adders
  An ooze (D:1)
  2 worms
  2 giant geckos
  3 orcs (D:3)
  6 bats
  12 goblins
  9 hobgoblins
  18 kobolds
  3 giant cockroaches
  A giant newt (D:1)
  6 rats
74 creatures vanquished.

Notes
Turn   | Place    | Note
--------------------------------------------------------------
     0 | D:1      | JustSomeDude the Vine Stalker Fighter began the quest for the Orb.
     0 | D:1      | Reached XP level 1. HP: 11/11 MP: 2/2
    46 | D:1      | Reached XP level 2. HP: 14/16 MP: 3/3
   508 | D:1      | Reached skill level 3 in Fighting
   508 | D:1      | Reached XP level 3. HP: 20/20 MP: 2/4
   784 | D:2      | Found a bloodstained altar of Trog.
   965 | D:2      | Reached XP level 4. HP: 22/24 MP: 5/5
  1352 | D:3      | Reached skill level 1 in Stealth
  1365 | D:3      | Noticed Robin
  1385 | D:3      | Killed Robin
  1385 | D:3      | Reached skill level 1 in Dodging
  1490 | D:3      | Found a bloodstained altar of Trog.
  1524 | D:3      | Noticed Ijyb
  1576 | D:3      | Killed Ijyb
  1576 | D:3      | Reached XP level 5. HP: 24/28 MP: 6/6
  1836 | D:3      | Noticed Grinder
  1863 | D:3      | Paralysed by Grinder for 3 turns
  1869 | D:3      | HP: 1/28 [poison (a potion of poison)]
  1870 | D:3      | Succumbed to poison (a potion of poison)

Action                   |  1- 3 |  4- 6 || total
-------------------------+-------+-------++-------
Melee: Trident           |   129 |   139 ||   268
  Use: Scroll            |       |     6 ||     6
       Potion            |       |     4 ||     4
  Eat: Chunk             |       |     3 ||     3
